 Dungeon Crawl Stone Soup version 0.31-a0-949-g57150269e1 (webtiles) character file.

Game seed: 16561336626351973404

2338 Zonian the Destroyer (level 9, 0/44 (45) HPs)
             Began as a Deep Elf Hedge Wizard on Oct 22, 2023.
             Was an Initiate of Nemelex Xobeh.
             Succumbed to a killer bee's poison
             ... on level 7 of the Dungeon on Oct 23, 2023.
             The game lasted 00:28:21 (13274 turns).

Zonian the Destroyer (Deep Elf Hedge Wizard)       Turns: 13274, Time: 00:28:22

HP:   0/44 (45)     AC:  6    Str:  7    XL:     9   Next: 19%
MP:   12/17         EV: 13    Int: 30    God:    Nemelex Xobeh [......]
Gold: 442           SH:  0    Dex: 17    Spells: 4/17 levels left

rFire   x . .        f - +1 rapier (elec)
rCold   . . .        (no shield)
rNeg    + . .        b - +0 robe
rPois   +            c - +1 hat
rElec   .            (no cloak)
rCorr   .            (no gloves)
SInv    .            w - +2 pair of boots {Stlth+}
Will    +....        (no amulet)
Stlth   +++          e - ring of Fiulec {rPois rF- rN+ Will+ Dex+3}
HPRegen 0.27/turn    v - +6 ring of intelligence
MPRegen 0.15/turn

%: no passive effects
@: lethally poisoned (0 -> -2), studying Shields, lightly drained
A: no striking features
a: Renounce Religion, Draw Escape, Draw Destruction, Draw Summoning


You were on level 7 of the Dungeon.
You worshipped Nemelex Xobeh.
Nemelex Xobeh was noncommittal.
You visited 2 branches of the dungeon, and saw 8 of its levels.
You also visited: Sewer.

You collected 442 gold pieces.

Inventory:

Hand Weapons
 a - a +1 dagger
 f - a +1 rapier of electrocution (weapon)
 g - a +0 sling
 k - a +1 hand axe of freezing
Missiles
 t - 16 poisoned darts
Armour
 b - a +0 robe (worn)
 c - a +1 hat (worn)
 w - a +2 pair of boots of stealth (worn)
Jewellery
 e - the ring of Fiulec (left hand) {rPois rF- rN+ Will+ Dex+3}
   (You found it on level 4 of the Dungeon)

   [ring of willpower]

   Dex+3:     It affects your dexterity (+3).
   rF-:       It makes you vulnerable to fire.
   rPois:     It protects you from poison rN+: It protects you from negative
   energy.
   Will+:     It increases your willpower.
 l - a ring of protection from fire
 s - a ring of willpower
 v - a +6 ring of intelligence (right hand)
 z - a +6 ring of intelligence
Wands
 u - a wand of charming (4)
 y - a wand of digging (5)
 C - a wand of flame (31)
Scrolls
 i - a scroll of fog
 n - 5 scrolls of vulnerability
 p - 2 scrolls of amnesia
Potions
 h - 2 potions of enlightenment
 m - 4 potions of might
 o - 2 potions of brilliance
 q - 3 potions of haste
 x - 3 potions of attraction
 A - a potion of lignification


   Skills:
 - Level 2.6 Dodging
 - Level 2.7 Stealth
 - Level 4.5 Spellcasting
 + Level 8.6 Conjurations
 + Level 5.6 Hexes
 - Level 1.3 Summonings
 - Level 1.4 Translocations
 + Level 5.5 Air Magic
 + Level 6.1 Poison Magic


You had 4 spell levels left.
You knew the following spells:

 Your Spells              Type           Power      Damage    Failure   Level
a - Magic Dart            Conj           100%       1d8       1%          1
b - Blink                 Tloc           30%        N/A       5%          2
c - Call Imp              Summ           30%        N/A       5%          2
d - Slow                  Hex            100%       N/A       1%          1
e - Mephitic Cloud        Conj/Pois/Air  47%        N/A       1%          3
f - Olgreb's Toxic Radia  Pois           43%        N/A       4%          4

Your spell library contained the following spells:

 Spells                   Type           Power      Damage    Failure   Level
 Sting                    Tmut/Pois      100%       1d8       1%          1
 Cigotuvi's Dreadful Rot  Necr/Pois/Air  60%        N/A       1%          2
 Jinxbite                 Hex            80%        N/A       1%          2
 Poisonous Vapours        Pois/Air       82%        N/A       1%          2
 Apportation              Tloc           30%        N/A       3%          1
 Gell's Gravitas          Tloc           15%        N/A       11%         3
 Teleport Other           Tloc           15%        N/A       11%         3
 Alistair's Intoxication  Tmut/Pois      16%        N/A       43%         5
 Dispersal                Tloc           7%         N/A       99%         6


Dungeon Overview and Level Annotations

Branches:
Dungeon (7/15)             Temple (1/1) D:7           Sewer (visited)

Altars:
Cheibriados
Dithmenos
Fedhas
Gozag
Hepliaklqana
Kikubaaqudgha
Nemelex Xobeh
Okawaru
Qazlal
Trog
Uskayaw
Vehumet
Wu Jian
Xom
Yredelemnul
Zin

Shops:
D:5 :

Annotations:
D:3 3 runed translucent doors, jakobj's ghost, amateur SpBr
D:4 4 runed translucent doors, exclusion: oklob plant


Message History

The killer bee stings you. The killer bee stings you.
* * * LOW HITPOINT WARNING * * *
The killer bee barely misses you. The killer bee stings you.
* * * LOW HITPOINT WARNING * * *
You are poisoned.
The killer bee poisons you!
Unknown command.
Okay, then.
Okay, then.
Okay, then.
As you read the scroll of teleportation, it crumbles to dust.
You feel strangely unstable.
You feel sick. The killer bee barely misses you.
The killer bee closely misses you. The killer bee completely misses you.
The killer bee misses you.
Unknown command.
Okay, then.
You feel sick.
The killer bee attacks as it pursues you!
The killer bee closely misses you. The killer bee completely misses you.
Unknown command.
Aiming: Charm
Press: ? - help, Shift-Dir - straight line, f - killer bee
Aim: a killer bee (chance to affect: 57%)
The killer bee resists with significant effort.
You feel sick. The killer bee closely misses you. The killer bee stings you.
* * * LOW HITPOINT WARNING * * *
Unknown command.
It was a potion of cancellation.
You feel strangely stable.
You feel magically purged.
You feel ready to blink again.
* * * LOW HITPOINT WARNING * * *
You feel sick. The killer bee closely misses you. x2
Aiming: Charm
Press: ? - help, Shift-Dir - straight line, f/p - killer bee
Aim: a killer bee (chance to affect: 57%)
The killer bee is charmed.
You die...
Your body disappears without a glow.

#.......z.' #........z#
. #....##......
#.##.##......# ...
#.....#......# #.####
#..z#.#......# #.#...
#...y.....[..# #.#.#.
#..#y#...#...###.#.#.
#..#@###......##.#.#.
##.##...###.....#.#.#.
#..#........#.#...#.#.
#...##..>..##...#.#.....
#.#........#..###.#.#.#.
#...###...##.## #.#.#.#>
## ###.#..# #.#.#.#<
...#.#.## ..#.#.#.
###..... ###.#.#.


You could see a killer bee, a wight and a friendly killer bee (charmed).

Vanquished Creatures
  Pikel (D:6)
  Grinder (D:5)
  An orc warrior (D:7)
  A lemure (D:6)
  A phantom (D:5)
  A kobold brigand (D:6)
  3 bullfrogs
  2 scorpions
  A water moccasin zombie (D:3)
  3 wights (D:6)
  A killer bee (D:7)
  5 hounds
  6 jellies
  3 orc priests
  5 iguanas
  An orc wizard (D:3)
  3 gnolls (D:6)
  10 adders
  3 river rats (Sewer)
  A shadow imp (D:3)
  2 white imps (D:5)
  2 worms
  A dart slug (D:3)
  15 orcs
  14 endoplasms
  8 giant cockroaches
  7 goblins
  7 hobgoblins
  13 kobolds
  2 quokkas
  11 ball pythons
  A ball python zombie (D:3)
  6 bats
  9 frilled lizards
  10 rats
161 creatures vanquished.

Vanquished Creatures (collateral kills)
  A lemure (D:6)
1 creature vanquished.

Vanquished Creatures (others)
  A lemure (D:6)
  A gnoll bouda (D:6)
2 creatures vanquished.

Grand Total: 164 creatures vanquished

Notes
Turn   | Place    | Note
-------+----------+-------------------------------------------
     0 | D:1      | Zonian the Deep Elf Hedge Wizard began the quest for the
                  | Orb.
     0 | D:1      | Reached XP level 1. HP: 10/10 MP: 7/7
   318 | D:1      | Found a faded altar of an unknown god.
   324 | D:1      | Reached XP level 2. HP: 15/15 MP: 5/9
   738 | D:1      | Reached skill level 2 in Conjurations
  1162 | D:1      | Reached XP level 3. HP: 19/19 MP: 9/11
  1760 | D:2      | Reached skill level 3 in Conjurations
  2224 | D:2      | Learned a level 2 spell: Blink
  2596 | D:3      | Reached XP level 4. HP: 21/24 MP: 7/12
  2703 | D:3      | Reached skill level 4 in Conjurations
  2815 | D:3      | Found a runed translucent gate.
  2815 | D:3      | Found a runed translucent gate.
  2815 | D:3      | Found a runed translucent gate.
  2815 | D:3      | Noticed jakobj's ghost (amateur SpBr)
  3125 | D:3      | Found a glowing drain.
  3130 | Sewer    | Entered a sewer
  3973 | Sewer    | Reached XP level 5. HP: 28/28 MP: 11/13
  4060 | Sewer    | Reached skill level 5 in Conjurations
  4374 | Sewer    | Learned a level 2 spell: Call Imp
  4376 | Sewer    | Learned a level 1 spell: Slow
  4380 | Sewer    | Learned a level 3 spell: Mephitic Cloud
  4513 | Sewer    | Found a viscous altar of Jiyva.
  4583 | Sewer    | Reached skill level 6 in Conjurations
  4583 | Sewer    | Reached skill level 1 in Poison Magic
  4583 | Sewer    | Reached XP level 6. HP: 32/32 MP: 8/14
  4645 | D:3      | Reached skill level 1 in Air Magic
  4736 | D:3      | HP: 1/32 [something/magic dart (6)]
  4991 | D:3      | Found a basalt altar of Yredelemnul.
  6514 | D:4      | Found a shimmering altar of Xom.
  6680 | D:4      | Found a large runed translucent door.
  6680 | D:4      | Found a large runed translucent door.
  6687 | D:4      | Noticed a two-headed ogre
  6694 | D:4      | Found a large runed translucent door.
  6694 | D:4      | Found a large runed translucent door.
  6758 | D:4      | Found an opulent altar of Gozag.
  7074 | D:4      | Reached XP level 7. HP: 18/36 MP: 8/15
  7380 | D:4      | Found a blossoming altar of Fedhas.
  7400 | D:4      | Noticed an oklob plant
  7860 | D:4      | Identified the ring of Fiulec {rPois rF- rN+ Will+ Dex+3}
  8139 | D:5      | Entered Level 5 of the Dungeon
  8365 | D:5      | Found a snail-covered altar of Cheibriados.
  8452 | D:5      | Reached skill level 7 in Conjurations
  8621 | D:5      | Found Keloh's Book Shoppe.
  8703 | D:5      | Noticed Grinder
  8750 | D:5      | Killed Grinder
  8751 | D:5      | Reached skill level 1 in Hexes
  9067 | D:5      | Reached XP level 8. HP: 36/41 MP: 11/16
  9611 | D:5      | Learned a level 4 spell: Olgreb's Toxic Radiance
 11045 | D:6      | Reached skill level 5 in Poison Magic
 11566 | D:6      | Noticed Pikel
 11616 | D:6      | Reached skill level 8 in Conjurations
 11618 | D:6      | Killed Pikel
 11619 | D:6      | Reached skill level 5 in Hexes
 11619 | D:6      | Reached skill level 5 in Air Magic
 11619 | D:6      | Reached XP level 9. HP: 37/45 MP: 11/17
 13079 | D:7      | Found a staircase to the Ecumenical Temple.
 13089 | Temple   | Entered the Ecumenical Temple
 13221 | Temple   | Became a worshipper of Nemelex Xobeh the Trickster
 13272 | D:7      | HP: 2/44 [killer bee (6)]
 13274 | D:7      | Succumbed to a killer bee's poison

Illustrated notes

Levels and vault maps discovered:
D:1:      lemuel_arrival_funnel, layout_loops_ring,
          hellmonk_ecumenical_altar_zigzags
D:2:      layout_basic, minmay_door_square, minmay_pentomino_pile
D:3:      layout_basic, nicolae_yredelemnul_ghost_church,
          mainiacjoe_sewer_entry_somewhere_in_here_1, serial_co_window_serial,
          co_window_corner_a, co_window_of_opportunity_a, co_window_paths_b,
          co_window_corner_a, co_window_paths_a, co_window_corner_a,
          co_window_corner_cb, co_window_broadway_c, co_window_corner_b,
          co_window_paths_d, glass_columns_a, glass_columns_c, glass_columns_c,
          glass_columns_b, glass_columns_b
D:4:      layout_loops_ring, lemuel_round_altar, tgw_fedhas,
          grunt_gozag_breadcrumbs, minmay_hollow_rounded_squares
D:5:      layout_loops_ring, lemuel_crystal_altar, serial_shops,
          nicolae_shop_waterfront, kennysheep_big_empty_room,
          corexii_hall_statues_i, minmay_manual_moon, uniq_grinder
D:6:      layout_loops_corners, uniq_pikel
D:7:      layout_basic, nicolae_ru_path_of_blood, minmay_temple_entry_slanted,
          serial_shops, nicolae_shop_gaudy_bauble, uniq_maggie
Temple:   grunt_temple_mini_profane

Skill      XL: |  1  2  3  4  5  6  7  8  9 |
---------------+----------------------------+-----
Conjurations   | 2 3 4 6 7 8 |  8.6
Poison Magic   | 1 2 4 5 6 |  6.1
Air Magic      | 2 3 5 |  5.5
Hexes          | 2 5 |  5.6
Dodging        | |  2.6
Stealth        | |  2.7
Spellcasting   | |  4.5
Summonings     | |  1.3
Translocations | |  1.4

Action                     |  1- 3 |  4- 6 |  7- 9 || total
---------------------------+-------+-------+-------++-------
  Melee: Dagger            |     7 |       |       ||     7
         Hand axe          |     5 |    26 |       ||    31
         Rapier            |       |     4 |    78 ||    82
         Punch             |       |       |     1 ||     1
  Throw: Dart              |       |       |     5 ||     5
   Cast: Magic Dart        |    91 |   187 |   208 ||   486
         Blink             |       |     3 |     4 ||     7
         Call Imp          |       |       |     3 ||     3
         Mephitic Cloud    |       |       |     4 ||     4
         Slow              |       |       |     1 ||     1
  Evoke: Wand              |       |       |    10 ||    10
    Use: Scroll            |       |    10 |    10 ||    20
         Potion            |       |     3 |     3 ||     6
   Stab: Sleeping          |       |       |     1 ||     1
 Armour: Robe              |    15 |    66 |    95 ||   176
  Dodge: Dodged            |    11 |    47 |   102 ||   160

Table legend: (Time is in decaauts)
 A = Elapsed time spent in this place.
 B = Non-inter-level travel time spent in this place.
 C = Inter-level travel time spent in this place.
 D = Time resting spent in this place.
 E = Time spent auto-exploring this place.
 F = Levels seen in this place.
 G = Mean time per level.
                   A        B        C        D        E       F      G
               +--------+--------+--------+--------+--------+-----+--------+
         Total |  13330 |  13064 |    266 |   5195 |   5916 |   9 | 1481.1 |
       Dungeon |  11647 |  11405 |    242 |   4223 |   5540 |   7 | 1663.9 |
        Temple |    156 |    132 |     24 |      0 |      0 |   1 |  156.0 |
         Sewer |   1526 |   1526 |      0 |    972 |    376 |   1 | 1526.0 |
               +--------+--------+--------+--------+--------+-----+--------+

Top non-repeatable levels by time:
     D:6: 2510 daAuts
     D:5: 2288 daAuts
     D:4: 2074 daAuts
     D:3: 2039 daAuts
   Sewer: 1526 daAuts
     D:1: 1342 daAuts
     D:2: 1195 daAuts
     D:7: 197 daAuts
  Temple: 156 daAuts
